AoeStats
← EL MIME

Arabia

508484229Analyzed
4v4 RM · 8d ago on Sep 22, 2026· 63m 35s· 8 players
Game mode
Random Map
Map size
Large (8 player)
Population
200
Speed
Normal
Resources
Standard
Victory
Conquest
Starting age
Dark Age
Ending age
Imperial Age
RankedLock teamsTeams togetherTeam positionsShared explorationLock speedFull tech treeHidden civsTurbo modeCheats
Victory
Defeat
🇪🇪 Spanish · Estonia
1052
+13
🇨🇭 Persians · Switzerland
989
+15
🇨🇭 Vietnamese · Switzerland
986
+16
934
+18
🇪🇸 Saxons · Spain
1007
-17
🇨🇦 Varangians · Canada
1005
-17
🇪🇸 Franks · Spain
955
-14
🇳🇮 Saxons · Nicaragua
946
-14
Elamb
7:25 Loom
9:27 Feudal Age
10:32 Double-Bit Axe
12:35 Fletching
14:56 Padded Archer Armor
18:56 Town Watch
22:55 Castle Age
22:06 Gold Mining
24:17 Leather Archer Armor
23:28 Crossbowman
24:22 Bodkin Arrow
27:41 Ballistics
28:18 Thumb Ring
30:20 Wheelbarrow
31:57 Masonry
36:56 Imperial Age
37:52 Bracer
38:34 Bow Saw
39:40 Ring Archer Armor
39:13 Arbalester
41:08 Ring Archer Armor
43:09 Chemistry
42:17 Squires
43:31 Architecture
44:22 Conscription
45:34 Scale Mail Armor
47:59 Two-Man Saw
49:25 Elite Skirmisher
50:34 Gambesons
Kaede
7:16 Loom
10:30 Feudal Age
11:17 Double-Bit Axe
13:13 Wheelbarrow
20:03 Castle Age
19:04 Scale Barding Armor
19:38 Forging
21:16 Chain Barding Armor
21:33 Iron Casting
21:36 Husbandry
24:30 Hand Cart
32:14 Gold Mining
39:31 Imperial Age
39:38 Cavalier
42:38 Conscription
43:14 Gold Shaft Mining
42:48 Paladin
44:06 Chivalry
46:25 Plate Barding Armor
47:29 Blast Furnace
53:18 Ballistics
53:59 Chemistry
56:29 Caravan
58:21 Elite Skirmisher
mperez
7:36 Loom
7:54 Loom
10:11 Feudal Age
11:16 Double-Bit Axe
11:13 Horse Collar
20:37 Castle Age
19:04 Fletching
19:38 Gold Mining
19:49 Padded Archer Armor
21:21 Bodkin Arrow
20:49 Crossbowman
22:57 Bow Saw
24:30 Leather Archer Armor
25:20 Ballistics
29:12 Wheelbarrow
30:21 Hand Cart
29:51 Town Watch
30:47 Town Watch
35:14 Imperial Age
34:46 Thumb Ring
35:15 Heavy Plow
35:07 Stone Mining
35:52 Gold Shaft Mining
36:07 Bracer
36:38 Ring Archer Armor
35:30 Arbalester
36:06 Capped Ram
38:54 Chemistry
38:01 Siege Engineers
41:53 Elite Skirmisher
42:35 Scale Mail Armor
42:46 Forging
42:39 Squires
42:25 Arson
42:26 Gambesons
45:30 Treadmill Crane
46:01 Masonry
45:46 Murder Holes
47:33 Architecture
48:10 Elite Varangian Guard
53:59 Conscription
59:55 Chain Mail Armor
60:27 Iron Casting
60:26 Siege Ram
EL MIME
8:00 Loom
10:56 Feudal Age
14:18 Double-Bit Axe
16:43 Castle Age
17:40 Scale Barding Armor
17:52 Bow Saw
18:23 Gold Mining
20:32 Husbandry
27:25 Bloodlines
29:23 Chain Barding Armor
31:07 Forging
35:00 Iron Casting
43:40 Imperial Age
43:13 Wheelbarrow
42:23 Town Watch
44:57 Cavalier
47:22 Plate Barding Armor
47:47 Blast Furnace
48:43 Conscription
48:23 Light Cavalry
58:14 Pikeman
59:55 Scale Mail Armor
Carmolis
10:57 Feudal Age
12:13 Horse Collar
12:19 Double-Bit Axe
16:58 Castle Age
17:49 Bow Saw
17:40 Heavy Plow
18:58 Wheelbarrow
18:10 Loom
18:34 Gold Mining
18:34 Stone Mining
20:07 Stone Mining
23:07 Hand Cart
25:48 Stone Shaft Mining
32:31 Imperial Age
30:28 Town Watch
30:55 Thumb Ring
30:10 Elite Skirmisher
31:04 Bloodlines
30:54 Husbandry
30:59 Padded Archer Armor
32:40 Leather Archer Armor
32:16 Fletching
33:23 Imperial Skirmisher
35:07 Ballistics
36:13 Conscription
37:24 Chemistry
39:41 Two-Man Saw
38:46 Elite Conquistador
40:08 Bodkin Arrow
40:43 Ring Archer Armor
42:52 Hoardings
44:45 Bracer
BabaKusio
4:25 Loom
10:32 Feudal Age
13:12 Double-Bit Axe
15:00 Horse Collar
18:53 Padded Archer Armor
22:26 Castle Age
20:45 Gold Mining
22:24 Fletching
22:49 Crossbowman
23:34 Thumb Ring
25:11 Wheelbarrow
25:33 Leather Archer Armor
28:32 Town Watch
28:50 Bodkin Arrow
37:57 Imperial Age
35:43 Hand Cart
37:31 Ballistics
37:22 Masonry
36:54 Treadmill Crane
37:21 Elite Skirmisher
38:16 Arbalester
39:42 Heavy Plow
39:53 Bow Saw
40:18 Bracer
42:23 Ring Archer Armor
42:37 Paper Money
45:38 Chemistry
44:44 Siege Engineers
44:27 Imperial Skirmisher
46:41 Two-Man Saw
48:29 Elite Rattan Archer
49:45 Hoardings
51:07 Caravan
51:52 Capped Ram
62:01 Coinage
Timet47
11:56 Feudal Age
16:29 Castle Age
15:35 Loom
17:12 Double-Bit Axe
17:11 Horse Collar
21:41 Scale Barding Armor
23:28 Bloodlines
24:41 Forging
25:47 Husbandry
28:09 Chain Barding Armor
28:25 Iron Casting
36:38 Imperial Age
35:37 Gold Mining
36:13 Bow Saw
39:02 Plate Barding Armor
38:24 Heavy Camel Rider
40:20 Gold Shaft Mining
39:56 Light Cavalry
40:43 Hussar
.obey† .FourDoorsMoreWhores
12:39 Feudal Age
10:56 Loom
13:54 Double-Bit Axe
14:33 Man-at-Arms
15:16 Scale Mail Armor
16:47 Horse Collar
22:28 Castle Age
23:09 Bloodlines
23:08 Scale Barding Armor
24:30 Pikeman
27:42 Husbandry
30:22 Squires
32:45 Stone Mining
32:45 Gold Mining
35:45 Long Swordsman
37:31 Heavy Plow
37:44 Bow Saw
38:23 Chain Mail Armor
38:29 Chain Barding Armor
44:13 Imperial Age
44:17 Elite Huskarl
45:09 Perfusion
44:31 Halberdier
47:04 Two-Handed Swordsman
48:20 Champion
60:14 Two-Man Saw
61:39 Forging
Connection lost

Rejoining the realm…

Still unreachable

The connection could not be restored.

Session expired

The server has moved on; the page needs a fresh start.